 Dungeon Crawl Stone Soup version 0.27.1-2-g3b301248ec (webtiles) character file.

Game seed: 13156394160830115401

40 Descartes the Sneak (level 3, -2/15 HPs)
             Began as a Felid Transmuter on Oct 5, 2021.
             Slain by a kobold (6 damage)
             ... on level 2 of the Dungeon.
             The game lasted 00:01:53 (1783 turns).

Descartes the Sneak (Felid Transmuter)              Turns: 1783, Time: 00:01:54

Health: -2/15      AC:  1    Str:  7    XL:     3   Next: 30%
Magic:  6/7        EV: 21    Int: 14    God:
Gold:   115        SH:  0    Dex: 16    Spells: 5/6 levels left
                                        Lives:  0   Deaths: 1

rFire    . . .     SeeInvis +     - Unarmed
rCold    . . .     Faith    .   (shield unavailable)
rNeg     . . .     Spirit   .   (armour unavailable)
rPois    .         Reflect  .   (helmet unavailable)
rElec    .         Harm     .   (cloak unavailable)
rCorr    .         Rampage  .   (gloves unavailable)
Will     .....                  (boots unavailable)
Stlth    ++........             (no amulet)
HPRegen  0.05/turn              f - +4 ring of evasion
MPRegen  0.10/turn              (no ring)

@: appendages (expiring), very slow
A: horns 2, very small, claws 1, fangs 3, see invisible, speed 1, shaggy fur 1,
stealthy paws, no weapons or thrown items, no armour, multi-lived
a: End Transformation


You were on level 2 of the Dungeon.
You had temporarily grown beastly horns.
You visited 1 branch of the dungeon, and saw 2 of its levels.

You collected 115 gold pieces.

Inventory:

Jewellery
 f - a +4 ring of evasion (left paw)
Scrolls
 a - a scroll of teleportation {unknown}
 c - a scroll of torment {unknown}
 d - 3 scrolls of fog {unknown}
 e - a scroll of identify {unknown}
Potions
 b - a potion of curing {unknown}
 g - a potion of resistance {unknown}
 h - a potion of brilliance {unknown}
 i - a potion of attraction {unknown}


   Skills:
 - Level 1.0 Fighting
 - Level 2.6 Dodging
 + Level 5.8 Stealth
 - Level 3.0 Unarmed Combat
 - Level 2.0 Spellcasting
 - Level 2.1 Transmutations


You had 5 spell levels left.
You knew the following spells:

 Your Spells              Type           Power      Damage    Failure   Level
a - Beastly Appendage     Tmut           14%        N/A       10%         1

Your spell library contained the following spells:

 Spells                   Type           Power      Damage    Failure   Level
 Wereblood                Tmut           7%         N/A       14%         2
 Spider Form              Tmut/Pois      2%         N/A       41%         3
 Ice Form                 Ice/Tmut       4%         N/A       83%         4


Dungeon Overview and Level Annotations

Branches:
Dungeon (2/15)

Altars:

Annotations:
D:2 Natasha


Innate Abilities, Weirdness & Mutations

You have temporarily grown beastly horns.
You have sharp claws.
You have razor-sharp teeth.
You have supernaturally acute eyesight. (SInv)
You cover ground quickly. (Speed+)
You are covered in fur. (AC +1)
Your paws help you pounce on unaware monsters.
You are incapable of wielding weapons or throwing items.
You cannot wear armour.
You gain extra lives every three experience levels.


Message History

A kobold comes into view. It is wielding a +0 short sword.
The kobold shouts!
The bat completely misses you. x2
The bat completely misses you. The bat barely misses you.
You barely miss the bat. Your headbutt misses the bat.
Your transformation is almost over.
The bat misses you. x2; The kobold closely misses you.
Your magical contamination has completely faded away.
You scratch the bat.
You kill the bat!
The kobold hits you with a +0 short sword.
Your unstable footing causes you to fumble your attack.
The kobold completely misses you.
Your unstable footing causes you to fumble your attack.
The kobold hits you with a +0 short sword.
You scratch the kobold but do no damage.
Your headbutt misses the kobold. Your bite misses the kobold.
The kobold hits you with a +0 short sword.
Your unstable footing causes you to fumble your attack.
The kobold hits you with a +0 short sword.
You are too injured to fight recklessly!
You are too injured to fight recklessly!
You are too injured to fight recklessly!
You are too injured to fight recklessly!
You are too injured to fight recklessly!
You are too injured to fight recklessly!
You are too injured to fight recklessly!
You are too injured to fight recklessly!
You are too injured to fight recklessly!
You are too injured to fight recklessly!
You are too injured to fight recklessly!
You are too injured to fight recklessly!
You scratch the kobold but do no damage.
The kobold hits you with a +0 short sword.
* * * LOW HITPOINT WARNING * * *
Your unstable footing causes you to fumble your attack.
The kobold completely misses you.
Your unstable footing causes you to fumble your attack.
The kobold hits you with a +0 short sword.
You die...

.8..8.##.# #......###.#
≈≈..≈.##.# #......≈≈≈≈#
≈≈..≈≈≈#.# #....≈≈≈≈≈≈#
≈≈..≈≈≈≈≈≈#### ##..≈≈≈≈≈≈≈≈#
≈≈..≈≈≈≈≈≈≈≈≈≈####≈≈≈≈≈≈≈≈≈≈.#
#≈..≈≈≈≈≈≈≈≈≈≈≈≈≈≈≈≈≈≈≈≈≈≈≈#.#
.8..8≈≈ ≈≈≈≈≈≈≈≈≈≈≈≈≈≈≈≈###.#
≈≈≈≈≈≈≈≈≈≈≈≈≈≈### #.#
...≈≈≈†@≈≈≈#### #.#
#......K#### ##.## #../....#
#...# #.......# #...#
#.......# #...# .......##
#...# #...... ##### #......


You could see a kobold.

Vanquished Creatures
  Natasha (twice) (D:2)
  A gnoll (D:1)
  5 bats
  An endoplasm (D:2)
  6 goblins
  4 hobgoblins
  A jackal (D:2)
  A quokka (D:1)
  A ball python (D:1)
  A kobold (D:1)
  4 rats
27 creatures vanquished.

Notes
Turn   | Place    | Note
-------+----------+-------------------------------------------
     0 | D:1      | Descartes the Felid Transmuter began the quest for the Orb.
     0 | D:1      | Reached XP level 1. HP: 9/9 MP: 4/4
    93 | D:1      | Reached skill level 1 in Stealth
   391 | D:1      | Reached skill level 3 in Stealth
   391 | D:1      | Reached XP level 2. HP: 6/12 MP: 4/6
   946 | D:1      | Found a faded altar of an unknown god.
   946 | D:1      | Noticed a smoke demon
  1039 | D:1      | You fall into a shaft and drop 1 floor!
  1039 | D:2      | Noticed Natasha
  1049 | D:2      | Killed Natasha
  1050 | D:2      | Reached skill level 4 in Stealth
  1050 | D:2      | Reached XP level 3. HP: 10/15 MP: 5/7
  1337 | D:2      | Noticed Natasha
  1345 | D:2      | Killed Natasha
  1346 | D:2      | Reached skill level 5 in Stealth
  1346 | D:2      | Reached XP level 4. HP: 8/19 MP: 6/8
  1656 | D:2      | Noticed Natasha
  1677 | D:2      | Mangled by Natasha
  1678 | D:2      | Reached XP level 3. HP: -6/15 MP: 6/7
  1783 | D:2      | Slain by a kobold

Illustrated notes

Levels and vault maps discovered:
D:1:      heliophobic_arrival_dark_side_of_the_moon, layout_basic,
          dreamdust_ecumenical_altar_sealed_demon
D:2:      wander_river, layout_rooms, kennysheep_generic_room_2, uniq_natasha

Skill      XL: |  1  2  3 |
---------------+----------+-----
Stealth        | 3 4 5 |  5.8
Fighting       | |  1.0
Dodging        | |  2.6
Unarmed Combat | |  3.0
Spellcasting   | |  2.0
Transmutations | |  2.1

Action                   |  1- 3 |  4- 6 || total
-------------------------+-------+-------++-------
Melee: Unarmed           |    58 |    16 ||    74
       Headbutt          |     6 |       ||     6
       Bite              |     4 |     2 ||     6
       Punch             |     1 |       ||     1
 Cast: Beastly Appendage |    15 |     4 ||    19
 Stab: Sleeping          |     3 |     2 ||     5
       Distracted        |       |     2 ||     2
Armor: Skin              |     6 |       ||     6
Dodge: Dodged            |    62 |    23 ||    85
